 Dungeon Crawl Stone Soup version 0.31-a0-193-gdfe2569204 (webtiles) character file.

Game seed: 2223168885923648601

87 qw the Shooter (level 4, -4/25 HPs)
             Began as a Deep Elf Hunter on June 24, 2023.
             Killed by divine providence
             ... invoked by an orc priest
              (15 damage)
             ... on level 3 of the Dungeon.
             The game lasted 00:00:47 (2100 turns).

qw the Shooter (Deep Elf Hunter)                    Turns: 2100, Time: 00:00:47

Health: -4/25      AC:  7    Str: 10    XL:     4   Next: 28%
Magic:  6/6        EV: 11    Int: 14    God:
Gold:   113        SH:  0    Dex: 18    Spells: 3/3 levels left

rFire   . . .        Y - +1 shortbow
rCold   + . .        (shield currently unavailable)
rNeg    . . .        e - +2 ring mail {Will+}
rPois   .            (no helmet)
rElec   .            (no cloak)
rCorr   .            (no gloves)
SInv    .            (no boots)
Will    ++...        (no amulet)
Stlth   +            b - ring of willpower
HPRegen 0.24/turn    f - ring of protection from cold
MPRegen 0.10/turn

%: no passive effects
@: no status effects
A: no striking features
a: no special abilities


You were on level 3 of the Dungeon.
You visited 1 branch of the dungeon, and saw 3 of its levels.

You collected 113 gold pieces.


   Skills:
 - Level 1.5 Fighting
 + Level 7.7 Ranged Weapons
 - Level 2.4 Dodging
 - Level 1.2 Stealth


You had 3 spell levels left.
You didn't know any spells.
Your spell library was empty.

Inventory:

Hand Weapons
 Y - a +1 shortbow (weapon)
Armour
 e - a +2 ring mail of willpower (worn)
Jewellery
 b - a ring of willpower (left hand)
 f - a ring of protection from cold (right hand)
 g - a ring of ice
Scrolls
 d - 2 scrolls of identify
Potions
 h - a potion of haste {unknown}

Dungeon Overview and Level Annotations

Branches:
Dungeon (3/15)

Altars:
Qazlal


Message History

The arrow barely misses the orc priest.
You shoot an arrow. The arrow hits the orc wizard.
The orc wizard is lightly wounded.
An orc comes into view. It is wielding a +0 club.
An endoplasm comes into view.
You shoot an arrow. The orc shouts!
The endoplasm quivers.
The arrow hits the orc wizard.
The orc wizard is moderately wounded.
An orc comes into view. It is wielding a +0 short sword.
You shoot an arrow.
The arrow closely misses the orc wizard.
The arrow closely misses the orc priest.
The arrow closely misses the orc.
The orc shouts!
You shoot an arrow. The arrow hits the orc wizard.
The orc wizard is severely wounded.
The orc wizard hits you with a +0 dagger.
You shoot an arrow.
The arrow closely misses the orc wizard.
The arrow barely misses the orc priest.
The arrow hits the orc!
You kill the orc!
The orc wizard hits you with a +0 dagger.
You shoot an arrow.
The arrow closely misses the orc wizard.
The arrow barely misses the orc priest.
The arrow barely misses the orc.
The arrow hits the endoplasm.
The endoplasm is moderately wounded.
The orc priest calls down the wrath of Beogh upon you.
Beogh smites you!
Ouch! That really hurt!
The orc wizard hits you but does no damage.
You shoot an arrow.
The arrow hits the orc wizard but does no damage.
The orc wizard is severely wounded.
The orc priest invokes the aid of Beogh against you.
Beogh smites you!
Ouch! That really hurt!
You die...

..# ######### #.#
#.......# ... #.~._.~.#
#.# #.~...~.# #.#
#.~~~~~.# #.# #.......#
##. #.# ###'''########.
####.## ##......@oooJ...
...)..###..############.
####..#...## ##.
#....### ##..## #..#
#..# # #..# # #..#


You could see an orc priest, an orc wizard, an orc and an endoplasm.

Vanquished Creatures
  3 adders (D:2)
  A worm (D:2)
  4 orcs (D:3)
  An endoplasm (D:1)
  6 goblins
  9 hobgoblins
  A quokka (D:1)
  6 ball pythons
  7 bats
  5 frilled lizards
  6 kobolds
  3 rats
52 creatures vanquished.

Vanquished Creatures (others)
  A quokka (D:3)
1 creature vanquished.

Grand Total: 53 creatures vanquished

Notes
Turn   | Place    | Note
-------+----------+-------------------------------------------
     0 | D:1      | qw the Deep Elf Hunter began the quest for the Orb.
     0 | D:1      | Reached XP level 1. HP: 12/12 MP: 3/3
     0 | D:1      | 0 ||| qw: Version: 0.3-a-9-g12657ce
     0 | D:1      | 0 ||| qw: Game counter: 4702
     0 | D:1      | 0 ||| qw: Always use a shield: true
     0 | D:1      | 0 ||| qw: God list: Okawaru
     0 | D:1      | 0 ||| qw: Allow faded altars: false
     0 | D:1      | 0 ||| qw: Do Orc after D:15 true
     0 | D:1      | 0 ||| qw: Do second Lair branch before Depths: true
     0 | D:1      | 0 ||| qw: Lair rune preference: random
     0 | D:1      | 0 ||| qw: Plans: Normal
     0 | D:1      | 0 ||| PLANNING D:1-11
     2 | D:1      | Noticed a formicid
     2 | D:1      | Noticed an ogre
     4 | D:1      | Noticed a tengu
     4 | D:1      | Noticed a meteoran
     6 | D:1      | Noticed a vine stalker
     8 | D:1      | Noticed a merfolk
     8 | D:1      | Noticed a naga
    10 | D:1      | Noticed a spriggan
    10 | D:1      | Noticed a minotaur
    12 | D:1      | Noticed a demigod
    14 | D:1      | Noticed a ghoul
    16 | D:1      | Noticed a felid
    16 | D:1      | Noticed an octopode
    18 | D:1      | Noticed an elf
    18 | D:1      | Noticed an armataur
    20 | D:1      | Noticed a troll
    20 | D:1      | Noticed a gargoyle
    22 | D:1      | Noticed a vampire
    22 | D:1      | Noticed a demonspawn
    24 | D:1      | Noticed a draconian
    26 | D:1      | Noticed an ogre
    26 | D:1      | Noticed a merfolk
   294 | D:1      | Found a faded altar of an unknown god.
   304 | D:1      | Reached XP level 2. HP: 16/16 MP: 4/4
   426 | D:1      | Reached skill level 6 in Ranged Weapons
   838 | D:1      | 838 ||| DROPPING ring of wizardry.
   839 | D:1      | 839 ||| READING scroll labelled WAANUY QASEE.
   840 | D:1      | 840 ||| READING scroll labelled QUEPA NUOTHA.
   841 | D:1      | 841 ||| DROPPING scroll of butterflies.
   952 | D:2      | Reached XP level 3. HP: 20/20 MP: 5/5
  1075 | D:2      | Reached skill level 7 in Ranged Weapons
  1349 | D:2      | 1349 ||| UPGRADING to +2 ring mail of willpower.
  1398 | D:2      | 1398 ||| UPGRADING to +0 leather armour.
  1403 | D:2      | 1403 ||| UPGRADING to +2 ring mail of willpower.
  1413 | D:2      | 1413 ||| DROPPING +0 leather armour.
  1589 | D:2      | Reached XP level 4. HP: 25/25 MP: 6/6
  1737 | D:2      | 1737 ||| UPGRADING to ring of willpower.
  1738 | D:2      | 1738 ||| UPGRADING to ring of protection from cold.
  1739 | D:2      | 1739 ||| READING scroll labelled DOZXIW YKAWK.
  1743 | D:2      | 1743 ||| READING 3 scrolls labelled SUETUM FEAPTE.
  1744 | D:2      | 1744 ||| READING 2 scrolls of identify.
  1744 | D:2      | 1744 ||| IDENTIFYING fizzy white potion
  1745 | D:2      | 1745 ||| DROPPING potion of magic.
  1761 | D:3      | 1761 ||| STAIRDANCE
  2086 | D:3      | Found a stormy altar of Qazlal.
  2100 | D:3      | Killed from afar by an orc priest

Levels and vault maps discovered:
D:1:      kb_arrival_jail, layout_basic,
          shapermc_ecumenical_altar_mp_urbaneastern
D:2:      layout_basic, serial_forest, infiniplex_forest_end_2,
          infiniplex_forest_corner_1, infiniplex_forest_clump_double,
          infiniplex_forest_end_1, infiniplex_forest_clump_C,
          infiniplex_forest_corner_2, infiniplex_forest_straight_5,
          nicolae_titane
D:3:      layout_loops_ring, grunt_dithmenos_smoke_and_mirrors, zin_statuary,
          mainiacjoe_overflow_alcove_4, serial_bayou_pond_d,
          reono_crystal_passage, grunt_ministairs_2, serial_bayou_pond_d,
          lemuel_flame_loot_1

Skill      XL: |  1  2  3 |
---------------+----------+-----
Ranged Weapons | 6 7 |  7.7
Fighting       | |  1.5
Dodging        | |  2.4
Stealth        | |  1.2

Action                     |  1- 3 |  4- 6 || total
---------------------------+-------+-------++-------
   Fire: Shortbow          |   102 |    42 ||   144
    Use: Scroll            |     2 |     3 ||     5
 Armour: Leather armour    |     6 |       ||     6
         Ring mail         |       |     6 ||     6
  Dodge: Dodged            |    20 |     6 ||    26

Table legend:
 A = Non-vault XP
 B = Vault XP
 C = Vault XP percentage of total XP
 D = Non-vault monster count
 E = Vault monster count
 F = Vault count percentage of total count
                 A         B        C        D         E       F
            +---------+---------+-------+---------+---------+-------
      Total |     118 |       7 |   5.6 |      50 |       2 |   3.8
            +---------+---------+-------+---------+---------+-------
        D:1 |      33 |       0 |   0.0 |      23 |       0 |   0.0
        D:2 |      65 |       7 |   9.7 |      18 |       2 |  10.0
        D:3 |      20 |       0 |   0.0 |       9 |       0 |   0.0
            +---------+---------+-------+---------+---------+-------
